 Dungeon Crawl Stone Soup version 0.15.0-13-gb296d5c (webtiles) character file.

238562 Kashira the Eclecticist (level 19, -9/151 HPs)
             Began as a Naga Enchanter on Sept 2, 2014.
             Was the Champion of Qazlal.
             Mangled by a deep elf blademaster
             ... wielding a +0 short sword
              (13 damage)
             ... on Level 3 of the Elven Halls.
             The game lasted 09:55:37 (50836 turns).

Kashira the Eclecticist (Naga Enchanter)           Turns: 50836, Time: 09:55:37

HP  -9/151       AC 27     Str 15      XL: 19   Next: 27%
MP   0/49        EV 22     Int 16      God: Qazlal [******]
Gold 2376        SH  8     Dex 15      Spells: 15 memorised,  3 levels left

rFire  . . .     SeeInvis +     d - +8 great mace
rCold  + . .     Clarity  .     w - +0 troll leather armour
rNeg   + + .     rCorr    .     (no shield)
rPois  +         rRot     .     g - +2 hat of the Bear Spirit {Spirit, +Rage rN+ MR++}
rElec  +         Spirit   +     k - +0 cloak
SustAb .         Warding  +     S - +1 pair of gloves of Ladders and Snakes {+Fly rElec}
rMut   .         Stasis   .     l - +4 naga barding
Gourm  .                        R - amulet of warding
MR     ++++.                    s - ring of magical power
                                T - +5 ring of evasion

@: protected from physical damage, repel missiles, very slow, incredibly
resistant to hostile enchantments, very unstealthy
A: spit poison, constrict 1, stinger 1, repulsion field 1, see invisible, cold
resistance 1, deformed body, frail 1, poison resistance, slowness 2, placid
magic 1, AC +6
a: Spit Poison, Upheaval, Elemental Force, Disaster Area, Renounce Religion,
Evoke Berserk Rage, Evoke Flight
}: 2/15 runes: barnacled, gossamer


You were on level 3 of the Elven Halls.
You worshipped Qazlal.
Qazlal was exalted by your worship.
You were hungry.

You visited 7 branches of the dungeon, and saw 39 of its levels.
You also visited: Ice Cave.

You collected 3297 gold pieces.
You spent 921 gold pieces at shops.

Inventory:

Hand weapons
 c - the +6 arbalest "Hellfire" {hellfire, rF++ rC- MR+}
   (You found it on level 2 of the Spider Nest)

   It greatly protects you from fire.
   It makes you vulnerable to cold.
   It affects your resistance to hostile enchantments.
 d - a +8 great mace (weapon)
Missiles
 n - 24 poisoned javelins (quivered)
 v - 11 throwing nets
 y - a javelin of penetration
 G - 46 bolts
Armour
 g - the +2 hat of the Bear Spirit (worn) {Spirit, +Rage rN+ MR++}
   (You bought it in a shop on level 4 of the Orcish Mines)

   It protects you from negative energy.
   It affects your resistance to hostile enchantments.
   It lets you go berserk.
 k - a +0 cloak (worn)
 l - a +4 naga barding (worn)
 w - a +0 troll leather armour (worn)
 S - the +1 pair of gloves of Ladders and Snakes (worn) {+Fly rElec}
   (You found it on level 5 of the Spider Nest)

   It insulates you from electricity.
   It lets you fly.
Magical devices
 b - a wand of lightning (7)
 h - a wand of random effects (9)
 K - a wand of slowing (19) {unknown}
 U - a wand of paralysis (10)
 W - a wand of heal wounds (2)
 Y - a wand of lightning (0)
Comestibles
 t - 7 beef jerkies
 z - 4 fruits
 E - a rotting chunk of elf flesh
Scrolls
 i - 5 scrolls of magic mapping
 o - a scroll of blinking
 p - 3 scrolls of remove curse
 r - 7 scrolls of identify
 A - 4 scrolls of teleportation
 C - a scroll of vulnerability
 M - a scroll of fog
Jewellery
 s - a ring of magical power (right hand)
 D - an uncursed ring of protection from magic
 R - an amulet of warding (around neck)
 T - a +5 ring of evasion (left hand)
Potions
 e - 6 potions of curing
 f - a potion of flight
 j - a potion of brilliance
 m - a potion of might
 u - 2 potions of agility
 x - 3 potions of restore abilities
 I - a potion of invisibility
 J - 3 potions of resistance
 P - 2 potions of magic
Books
 O - a book of Conjurations

   Spells                             Type                      Level
   *Magic Dart                        Conjuration                  1
   *Searing Ray                       Conjuration                  2
   *Dazzling Spray                    Conjuration/Hexes            3
   Fulminant Prism                    Conjuration/Hexes            4
   Iskenderun's Mystic Blast          Conjuration                  4
   *Iskenderun's Battlesphere         Conjuration/Charms           5
Magical staves
 q - an uncursed staff of death
 F - an uncursed staff of cold
Miscellaneous
 H - a lamp of fire
Rods
 a - a +0 lightning rod (14/14)
   (You found it on level 12 of the Dungeon)
 B - a +2 rod of inaccuracy (12/12)
   (You found it on level 2 of the Elven Halls)


   Skills:
 + Level 10.1 Fighting
   Level 1.6 Short Blades
 + Level 10.5(10.8) Maces & Flails
 - Level 4.3(8.0) Staves
   Level 1.0 Bows
 + Level 1.8 Throwing
 + Level 6.7 Armour
 + Level 12.3 Dodging
 - Level 4.4 Stealth
   Level 2.3 Shields
 - Level 2.0 Unarmed Combat
 + Level 15.9 Spellcasting
 + Level 9.7 Conjurations
 + Level 15.2 Hexes
 + Level 3.3 Charms
 + Level 1.4 Translocations
 + Level 4.0 Fire Magic
 + Level 3.2 Ice Magic
 + Level 0.4 Air Magic
 + Level 1.1 Poison Magic
 + Level 2.3 Evocations


You had 3 spell levels left.
You knew the following spells:

 Your Spells              Type           Power        Failure   Level  Hunger
a - Corona                Hex            #####..      0%          1    None
b - Dazzling Spray        Conj/Hex       #####...     0%          3    None
c - Confuse               Hex            #####...     0%          3    None
d - Enslavement           Hex            #####...     0%          4    None
e - Condensation Shield   Ice            ###.......   7%          4    None
f - Mass Confusion        Hex            #####.....   1%          6    #####..
g - Mephitic Cloud        Conj/Pois/Air  ###.....     1%          3    None
h - Magic Dart            Conj           ####         0%          1    None
i - Blink                 Tloc           N/A          2%          2    None
j - Flame Tongue          Conj/Fire      ###..        1%          1    None
k - Sticky Flame          Conj/Fire      ###.....     1%          4    None
l - Ozocubu's Armour      Chrm/Ice       ###.....     1%          3    None
m - Control Teleport      Chrm/Tloc      ##........   11%         4    None
n - Iskenderun's Battles  Conj/Chrm      ###.....     5%          5    ###....
o - Searing Ray           Conj           ####..       1%          2    None


Dungeon Overview and Level Annotations

Branches:
Dungeon (13/15)            Temple (1/1) D:6             Orc (4/4) D:10
    Elf (3/3) Orc:4          Lair (8/8) D:8          Shoals (5/5) Lair:5
 Spider (5/5) Lair:4        Slime (0/6) Lair:6
 Vaults: D:13-14

Altars:
Ashenzari
Cheibriados
Dithmenos
Elyvilon
Fedhas
Kikubaaqudgha
Makhleb
Nemelex Xobeh
Okawaru
Qazlal
Sif Muna
Trog
Vehumet
Xom
Yredelemnul
Zin
The Shining One

Shops:
D:7 *   Orc:4 !(?:?}[   Elf:2 (

Portals:
Trove: Elf:1 (give 10 potions of heal wounds)

Annotations:
Spider:1 exclusion: Roxanne, Roxanne


Innate Abilities, Weirdness & Mutations

You cannot wear boots.
You can spit poison.
You can use your snake-like lower body to constrict enemies.
Your serpentine skin is tough (AC +6).
You have supernaturally acute eyesight.
Armour fits poorly on your strangely shaped body.
Your system is resistant to poisons.
You cover ground very slowly.
Your tail ends in a poisonous barb.
You are surrounded by a mild repulsion field (EV +2).
Your flesh is cold resistant.
You are frail (-10% HP).
Your spells are a little easier to cast, but a little less powerful.


Message History

Drink which item? (? for menu, Esc to quit)
You feel better.
The deep elf blademaster hits you but does no damage.
The deep elf blademaster closely misses you.
The deep elf blademaster hits you with a short sword.
* * * LOW HITPOINT WARNING * * *
You feel more protected from physical attacks.
The deep elf blademaster hits you but does no damage.
Casting: Confuse
Confirm with . or Enter, or press ? or * to list all spells.
Okay, then.
Drink which item? (? for menu, Esc to quit)
You feel better.
The deep elf blademaster hits you with a short sword!
* * * LOW HITPOINT WARNING * * *
The deep elf blademaster hits you with a short sword!
* * * LOW HITPOINT WARNING * * *
The deep elf blademaster hits you but does no damage.
The deep elf blademaster hits you with a short sword!
You die...

## #.# ##.#.## #.###.#
#####.#...#.##
#....##§@.##.#######
#..§..#.§e#.####...##
#.####)###..#...###.##
#.#####.#.###..## ##.#
#.)..##........# #.# ##
#.##.##...####.# ###.#
#.##.##)#.#.#.####.##..##
#.#....e...##.## #..#.##
#.###(###.###.###.###.##


You could see a deep elf blademaster.

Vanquished Creatures
  A kraken (Shoals:5)
  An Executioner (Elf:1)
  The ghost of cribozai the Fencer, a mighty HuFi of Ashenzari (Spider:5)
  Ilsuiw (Shoals:4)
  Maud (Lair:3)
  2 deep elf sorcerers
  Louise (Elf:1)
  6 emperor scorpions (Spider:5)
  2 ghost moths (Spider:5)
  2 deep elf demonologists (Elf:1)
  A deep elf annihilator (Elf:2)
  3 merfolk javelineers (Shoals:5)
  A deep elf death mage (Elf:3)
  7 merfolk impalers
  2 deep elf high priests (Elf:3)
  A minotaur (shapeshifter) (Elf:1)
  4 ogre magi
  Harold (Lair:6)
  11 hydras
  The ghost of teukkam the Grappler, an experienced TrMo of Nemelex Xobeh (Lair:8)
  9 sirens
  An anaconda (Lair:8)
  A ghost crab (shapeshifter) (Elf:3)
  An alligator snapping turtle (Shoals:2)
  6 merfolk aquamancers
  Urug (Shoals:1)
  A satyr (Shoals:5)
  Nergalle (D:10)
  A sun demon (Elf:1)
  A catoblepas (Lair:3)
  16 deep elf knights
  19 sea snakes
  6 hill giants
  2 unseen horrors
  12 deep elf summoners
  16 orb spiders
  An ice statue (IceCv)
  A silver statue (Shoals:4)
  A necromancer (IceCv)
  10 red wasps
  11 deep elf conjurers
  5 fauns
  24 harpies
  28 wolf spiders
  An ugly thing (D:11)
  12 manticores
  An orc sorcerer (Elf:1)
  5 water nymphs
  4 moths of wrath
  2 small abominations
  4 cyclopes
  A drowned soul (Shoals:3)
  16 griffons
  13 mermaids
  A sixfirhy (Elf:1)
  Joseph (Lair:1)
  6 black mambas
  A tormentor (Elf:1)
  2 item mimics
  5 spiny frogs
  4 komodo dragons
  9 deep elf priests
  4 trolls
  2 polar bears
  33 jumping spiders
  15 two-headed ogres
  11 snapping turtles
  23 demonic crawlers
  10 freezing wraiths (IceCv)
  45 merfolk
  Prince Ribbit (D:4)
  16 blink frogs
  A raven (Shoals:3)
  5 wind drakes
  3 spectral orcs (D:10)
  A trapdoor spider (shapeshifter) (Elf:2)
  21 trapdoor spiders
  A spriggan (Lair:2)
  34 yaks
  40 redbacks
  17 tarantellas
  2 basilisks
  A ynoxinul (Elf:1)
  23 deep elf magi
  A fire elemental (Orc:1)
  12 water elementals
  Eustachio (D:5)
  17 wolves
  4 vampire mosquitoes (D:11)
  A death yak simulacrum (IceCv)
  18 hippogriffs
  A hungry ghost (D:10)
  A steam dragon (Lair:4)
  18 deep elf fighters
  2 wyverns
  2 hill giant skeletons
  13 water moccasins
  11 soldier ants
  38 spiders
  A warg (Orc:2)
  8 porcupines
  2 phantoms (D:10)
  3 black bears
  20 ice beasts
  6 sky beasts
  5 yellow wasps
  29 ogres
  8 centaurs
  17 orc warriors
  The ghost of Bikaver the Ruinous, an average OpCj (D:4)
  2 big kobolds (D:8)
  A boring beetle (Spider:1)
  13 crocodiles
  15 giant frogs
  A lost soul (Elf:3)
  A komodo dragon skeleton (D:11)
  A brain worm (shapeshifter) (Elf:3)
  A gnoll sergeant (D:8)
  9 scorpions
  A yak zombie (D:11)
  A hippogriff zombie (D:5)
  4 killer bees (D:9)
  7 wights
  6 crimson imps
  A giant frog zombie (D:7)
  5 draconian simulacra (IceCv)
  2 goliath beetles
  2 iron imps
  3 electric eels
  18 jellies
  A quasit (D:10)
  2 centaur zombies
  An elf zombie (D:8)
  9 hounds
  An orange rat (shapeshifter) (D:10)
  Crazy Yiuf (D:2)
  14 orc priests
  18 orc wizards
  A polar bear simulacrum (IceCv)
  A gnoll shaman (D:4)
  10 iguanas
  10 worker ants
  23 orange rats
  15 sheep
  2 spriggan simulacra (IceCv)
  5 troll simulacra (IceCv)
  2 wolf simulacra (IceCv)
  Ijyb (D:3)
  Jessica (D:3)
  2 centaur simulacra (IceCv)
  A mummy (D:7)
  3 naga simulacra (IceCv)
  69 green rats
  25 adders
  An ogre simulacrum (IceCv)
  12 gnolls
  2 shadow imps
  12 white imps (IceCv)
  3 ufetubi (Elf:1)
  2 worms (D:2)
  2 orc zombies
  2 orc skeletons (D:4)
  7 giant geckos
  8 oozes
  141 orcs
  A ball python (D:4)
  11 bats
  A bat skeleton (D:4)
  6 giant cockroaches
  18 goblins
  13 hobgoblins
  6 jackals
  16 kobolds
  16 quokkas
  7 giant newts
  2 giant spores (D:11)
  A goblin skeleton (D:4)
  A hobgoblin zombie (D:6)
  2 kobold skeletons
  A quokka skeleton (D:9)
  24 rats
  A rat zombie (D:5)
  18 ballistomycetes
  2 bushes
  A crawling corpse (Elf:1)
  83 fungi
  58 plants
  5 tentacles (Shoals:5)
1660 creatures vanquished.

Vanquished Creatures (collateral kills)
  2 mermaids (Shoals:4)
  2 redbacks (Spider:1)
  2 water elementals (Shoals:4)
  A cyclops zombie (D:10)
  A scorpion (D:7)
  2 spriggan simulacra (IceCv)
  A sheep (D:8)
  A big kobold skeleton (D:7)
  5 green rats (Lair:2)
  An orc (Orc:1)
18 creatures vanquished.

Vanquished Creatures (others)
  A deep elf knight (Elf:1)
  35 drowned souls
  2 jumping spiders
  A deep elf mage (Elf:1)
  A fire elemental (IceCv)
  A redback (Spider:1)
  2 lost souls (Elf:3)
  A big kobold (D:11)
  A hound (Lair:3)
  An adder (Lair:2)
  3 giant spores
  A kobold (D:11)
  A ballistomycete (D:12)
  A crawling corpse (Elf:1)
  6 fungi
  3 plants (Shoals:1)
  75 tentacles (Shoals:5)
  794 tentacle segments (Shoals:5)
930 creatures vanquished.

Grand Total: 2608 creatures vanquished

Notes
Turn   | Place    | Note
--------------------------------------------------------------
     0 | D:1      | Kashira, the Naga Enchanter, began the quest for the Orb.
     0 | D:1      | Reached XP level 1. HP: 15/15 MP: 3/3
   232 | D:1      | Reached XP level 2. HP: 19/22 MP: 4/4
   554 | D:1      | Found a shimmering altar of Xom.
   957 | D:2      | Reached XP level 3. HP: 25/28 MP: 1/6
   997 | D:2      | Learned a level 3 spell: Dazzling Spray
  1516 | D:3      | Noticed Jessica
  1524 | D:3      | Killed Jessica
  1524 | D:3      | Reached XP level 4. HP: 29/37 MP: 2/8
  2066 | D:2      | Reached skill level 1 in Armour
  2316 | D:2      | Noticed Ijyb
  2347 | D:3      | Learned a level 3 spell: Confuse
  2453 | D:3      | Killed Ijyb
  2453 | D:3      | Reached XP level 5. HP: 38/43 MP: 2/9
  2583 | D:4      | Noticed Prince Ribbit
  3294 | D:2      | Noticed Crazy Yiuf
  3303 | D:2      | Killed Crazy Yiuf
  3717 | D:3      | Reached XP level 6. HP: 34/50 MP: 1/13
  3818 | D:4      | Killed Prince Ribbit
  3818 | D:4      | Reached skill level 1 in Fighting
  4233 | D:4      | Noticed Bikaver's ghost (average OpCj)
  4265 | D:4      | Killed Bikaver's ghost
  4265 | D:4      | Reached XP level 7. HP: 51/57 MP: 2/17
  4535 | D:4      | Reached skill level 5 in Hexes
  4681 | D:5      | Entered Level 5 of the Dungeon
  4856 | D:5      | Found an ancient bone altar of Kikubaaqudgha.
  4978 | D:5      | Reached skill level 1 in Staves
  5069 | D:5      | Noticed Eustachio
  5081 | D:5      | Killed Eustachio
  5081 | D:5      | Reached XP level 8. HP: 57/64 MP: 9/19
  5320 | D:5      | Reached skill level 5 in Spellcasting
  5324 | D:5      | Reached skill level 1 in Conjurations
  5609 | D:6      | Found a staircase to the Ecumenical Temple.
  5619 | Temple   | Entered the Ecumenical Temple
  5676 | Temple   | Became a worshipper of Qazlal Stormbringer
  5748 | D:6      | Reached skill level 6 in Hexes
  5908 | D:6      | Found a glowing silver altar of Zin.
  5908 | D:6      | Noticed an angel
  6033 | D:6      | Found a sparkling altar of Nemelex Xobeh.
  6838 | D:7      | Reached skill level 7 in Hexes
  6846 | D:7      | Reached XP level 9. HP: 63/73 MP: 14/22
  7034 | D:7      | Found Ripiynad's Assorted Antiques.
  7160 | D:7      | Acquired Qazlal's first power
  7274 | D:7      | Gained mutation: You are weak. (Str -2) [mutagenic meat]
  7276 | D:7      | Lost mutation: You are weak. (Str -2) [mutagenic meat]
  7640 | D:8      | Found a staircase to the Lair.
  8418 | D:8      | Acquired Qazlal's second power
  8419 | D:8      | Reached skill level 8 in Hexes
  8459 | D:8      | Reached XP level 10. HP: 58/84 MP: 4/25
  8545 | D:8      | Noticed a three-headed hydra
  8550 | D:8      | Noticed a pale draconian
  8550 | D:8      | a three-headed hydra changed into a pale draconian
  8842 | D:9      | Reached skill level 1 in Maces & Flails
  9115 | D:9      | Reached skill level 5 in Dodging
  9848 | D:10     | Entered Level 10 of the Dungeon
  9960 | D:10     | Noticed a hill giant
  9986 | D:10     | Killed a hill giant
 10461 | D:10     | Identified a scroll of acquirement
 10462 | D:10     | Identified the Grimoire of Malediction (You acquired it on level 10 of the Dungeon)
 10468 | D:10     | Learned a level 4 spell: Enslavement
 10471 | D:10     | Learned a level 2 spell: Confusing Touch
 10633 | D:10     | Noticed a hill giant
 10730 | D:10     | Killed a hill giant
 10922 | D:10     | Reached skill level 9 in Hexes
 10941 | D:10     | Acquired Qazlal's third power
 10955 | D:10     | Found a staircase to the Orcish Mines.
 10982 | D:10     | Noticed Nergalle
 11043 | D:10     | Killed Nergalle
 11043 | D:10     | Reached skill level 1 in Unarmed Combat
 11043 | D:10     | Reached XP level 11. HP: 56/93 MP: 3/28
 11529 | Orc:1    | Entered Level 1 of the Orcish Mines
 12124 | Lair:1   | Entered Level 1 of the Lair of Beasts
 12140 | Lair:1   | Noticed a five-headed hydra
 12601 | Lair:1   | Killed a five-headed hydra
 12601 | Lair:1   | Reached skill level 1 in Bows
 13079 | Lair:1   | Noticed Joseph
 13100 | Lair:1   | Killed Joseph
 13260 | Lair:1   | Noticed a five-headed hydra
 13276 | Lair:1   | Killed a five-headed hydra
 13569 | Lair:2   | Noticed a five-headed hydra
 13717 | Lair:2   | Killed a five-headed hydra
 13717 | Lair:2   | Reached skill level 10 in Hexes
 14650 | Lair:2   | Acquired Qazlal's fourth power
 15207 | Lair:2   | Gained mutation: Your spells are a little easier to cast, but a little less powerful. [potion of mutation]
 15207 | Lair:2   | Gained mutation: You are surrounded by a mild repulsion field (EV +2). [potion of mutation]
 15207 | Lair:2   | Gained mutation: Your tail ends in a poisonous barb. [potion of mutation]
 15224 | Lair:2   | Reached skill level 10 in Spellcasting
 15283 | Lair:2   | Reached XP level 12. HP: 96/102 MP: 19/30
 15285 | Lair:2   | Acquired Qazlal's fifth power
 15293 | Lair:2   | Learned a level 6 spell: Mass Confusion
 15313 | Lair:2   | Reached skill level 5 in Fighting
 15926 | Lair:3   | Noticed Maud
 16132 | Lair:3   | Killed Maud
 17166 | Lair:3   | Reached skill level 11 in Hexes
 19290 | Orc:4    | Entered Level 4 of the Orcish Mines
 19339 | Orc:4    | Noticed an ogre mage
 19522 | Orc:4    | Noticed an ogre mage
 19534 | Orc:3    | Killed an ogre mage
 19773 | Orc:4    | Noticed an ogre mage
 19887 | Orc:4    | Killed an ogre mage
 19893 | Orc:4    | Killed an ogre mage
 19893 | Orc:4    | Reached XP level 13. HP: 109/109 MP: 10/32
 19900 | Orc:3    | Reached skill level 5 in Conjurations
 20046 | Orc:4    | Reached skill level 1 in Shields
 20415 | Orc:3    | Reached skill level 12 in Hexes
 20682 | Orc:4    | Found a staircase to the Elven Halls.
 20819 | Orc:4    | Found Syomouh's Magic Scroll Shoppe.
 20819 | Orc:4    | Found Nehesa Clofa's Magic Scroll Boutique.
 20821 | Orc:4    | Found Xaebue's Book Shoppe.
 20821 | Orc:4    | Found Schi Sme's Weapon Shop.
 20830 | Orc:4    | Bought a scroll of random uselessness for 11 gold pieces
 20833 | Orc:4    | Bought a book of Minor Magic for 300 gold pieces
 20842 | Orc:4    | Learned a level 3 spell: Mephitic Cloud
 20844 | Orc:4    | Learned a level 1 spell: Magic Dart
 20847 | Orc:4    | Learned a level 2 spell: Blink
 20856 | Orc:4    | Noticed an ogre mage
 20866 | Orc:4    | Killed an ogre mage
 20924 | Orc:4    | Found a radiant altar of Vehumet.
 20927 | Orc:4    | Found Inke Xer's Armour Shop.
 20966 | Orc:4    | Found Ijecaah's Gadget Shop.
 21024 | Orc:4    | Found Ryequ's Distillery.
 21032 | Orc:4    | Bought a potion of curing for 26 gold pieces
 21032 | Orc:4    | Bought a potion of curing for 26 gold pieces
 21032 | Orc:4    | Bought a potion of heal wounds for 39 gold pieces
 21352 | Orc:4    | Bought the +2 hat of the Bear Spirit {Spirit, +Rage rN+ MR++} for 519 gold pieces
 21476 | D:11     | Noticed a hill giant
 21486 | D:11     | Killed a hill giant
 21761 | D:11     | Noticed a hill giant
 21777 | D:11     | Killed a hill giant
 22086 | D:11     | Reached skill level 1 in Evocations
 22499 | D:11     | Found a basalt altar of Yredelemnul.
 22750 | D:12     | Identified the Papyrus of the Arsonist and Black Rites
 22871 | D:12     | Found a frozen archway.
 22877 | IceCv    | Entered an ice cave
 22888 | IceCv    | Learned a level 1 spell: Flame Tongue
 23319 | IceCv    | Learned a level 4 spell: Sticky Flame
 23322 | IceCv    | Reached skill level 1 in Throwing
 23674 | IceCv    | Reached skill level 1 in Fire Magic
 24494 | IceCv    | Found an ancient bone altar of Kikubaaqudgha.
 24513 | IceCv    | Got a twisted flail
 24711 | IceCv    | Identified the +3 flail of Lies {flame, -Cast +Blink} (You found it in an ice cave)
 25431 | D:12     | Reached XP level 14. HP: 118/118 MP: 34/34
 25557 | D:13     | Found a shadowy altar of Dithmenos.
 25810 | Lair:2   | Learned a level 3 spell: Ozocubu's Armour
 26197 | Lair:4   | Found a hole to the Spider Nest.
 27143 | Lair:5   | Found a staircase to the Shoals.
 27193 | Lair:5   | Reached skill level 13 in Hexes
 28349 | Lair:6   | Found a staircase to the Slime Pits.
 28479 | Lair:6   | Noticed Harold
 28493 | Lair:6   | Killed Harold
 29007 | Lair:6   | Gained mutation: Your flesh is cold resistant. [potion of mutation]
 29007 | Lair:6   | Gained mutation: You are frail (-10% HP). [potion of mutation]
 30244 | Lair:8   | Entered Level 8 of the Lair of Beasts
 30247 | Lair:8   | Reached skill level 5 in Maces & Flails
 30389 | Lair:8   | Noticed teukkam's ghost (experienced TrMo)
 30408 | Lair:8   | Killed teukkam's ghost
 30889 | Lair:8   | Reached XP level 15. HP: 106/116 MP: 35/35
 31069 | Spider:1 | Entered Level 1 of the Spider Nest
 31337 | Lair:2   | Learned a level 4 spell: Control Teleport
 32215 | Spider:1 | Noticed Roxanne
 32229 | Spider:1 | Reached skill level 5 in Armour
 34838 | Spider:5 | Entered Level 5 of the Spider Nest
 34845 | Spider:5 | Reached skill level 10 in Dodging
 34846 | Spider:5 | Noticed cribozai's ghost (mighty HuFi)
 34946 | Spider:4 | Reached skill level 1 in Charms
 35079 | Spider:4 | Reached XP level 16. HP: 113/126 MP: 36/36
 35430 | Spider:4 | Reached skill level 1 in Ice Magic
 36486 | Spider:5 | Killed cribozai's ghost
 36486 | Spider:5 | Reached skill level 14 in Hexes
 36808 | Spider:5 | Got a pair of dazzling gloves
 36819 | Spider:5 | Identified the +1 pair of gloves of Ladders and Snakes {+Fly rElec} (You found it on level 5 of the Spider Nest)
 37102 | Spider:5 | Reached skill level 1 in Translocations
 38792 | Spider:5 | Got a gossamer rune of Zot
 38998 | Shoals:1 | Entered Level 1 of the Shoals
 39199 | Lair:2   | Learned a level 4 spell: Condensation Shield
 39377 | Shoals:1 | Reached XP level 17. HP: 103/133 MP: 8/37
 39528 | Shoals:1 | Noticed Urug
 39541 | Shoals:1 | Killed Urug
 42314 | Shoals:3 | Upgraded the game from 0.15.0-12-gccce430 to 0.15.0-13-gb296d5c
 42351 | Shoals:3 | Learned a level 5 spell: Iskenderun's Battlesphere
 43065 | Shoals:3 | Reached skill level 15 in Spellcasting
 43951 | Shoals:4 | Noticed Ilsuiw
 45011 | Shoals:4 | Killed Ilsuiw
 45419 | Shoals:4 | Reached XP level 18. HP: 138/142 MP: 39/39
 45492 | Shoals:5 | Entered Level 5 of the Shoals
 46557 | Shoals:5 | Got a barnacled rune of Zot
 47223 | Shoals:5 | Reached skill level 15 in Hexes
 47699 | Lair:2   | Learned a level 2 spell: Searing Ray
 47952 | Elf:1    | Entered Level 1 of the Elven Halls
 48395 | Elf:1    | Found a portal to a secret trove of treasure.
 48588 | Elf:1    | Noticed Louise
 48705 | Elf:1    | Killed Louise
 49692 | Elf:2    | Reached XP level 19. HP: 151/151 MP: 40/40
 49805 | Elf:2    | Reached skill level 10 in Maces & Flails
 50016 | Elf:2    | Found Gead's Weapon Boutique.
 50112 | Elf:2    | Reached skill level 10 in Fighting
 50533 | Elf:3    | Entered Level 3 of the Elven Halls
 50771 | Elf:3    | Reached skill level 1 in Poison Magic
 50835 | Elf:3    | HP: 3/151 [deep elf blademaster/short sword (11)]
 50836 | Elf:3    | Mangled by a deep elf blademaster

Action                   |  1- 3 |  4- 6 |  7- 9 | 10-12 | 13-15 | 16-18 | 19-21 || total
-------------------------+-------+-------+-------+-------+-------+-------+-------++-------
Melee: Dagger            |     5 |       |       |       |       |       |       ||     5
       Mace              |    38 |    12 |       |       |       |       |       ||    50
       Cutlass           |       |    75 |    43 |       |       |    32 |       ||   150
       Quarterstaff      |       |    25 |   209 |   254 |       |       |       ||   488
       Unarmed           |       |       |       |   167 |       |    93 |       ||   260
       Eveningstar       |       |       |       |    39 |       |       |       ||    39
       Flail             |       |       |       |    28 |       |       |       ||    28
       Falchion          |       |       |       |     4 |       |       |       ||     4
       Great mace        |       |       |       |    94 |   731 |   900 |   139 ||  1864
       Staff             |       |       |       |       |   103 |       |       ||   103
 Fire: Shortbow          |       |       |       |    17 |       |       |       ||    17
Throw: Tomahawk          |       |       |       |    10 |    30 |     4 |       ||    44
       Throwing net      |       |       |       |     1 |     3 |     1 |       ||     5
       Javelin           |       |       |       |       |       |    14 |       ||    14
 Cast: Corona            |    13 |       |       |       |     1 |       |       ||    14
       Dazzling Spray    |     4 |     9 |    36 |   292 |   164 |   337 |     4 ||   846
       Confuse           |       |    26 |    81 |   205 |   180 |   110 |     4 ||   606
       Enslavement       |       |       |       |     7 |     4 |     5 |       ||    16
       Confusing Touch   |       |       |       |     2 |       |       |       ||     2
       Mass Confusion    |       |       |       |    15 |    48 |    22 |       ||    85
       Flame Tongue      |       |       |       |       |    57 |    98 |       ||   155
       Sticky Flame      |       |       |       |       |    49 |   103 |       ||   152
       Magic Dart        |       |       |       |       |    78 |   252 |     2 ||   332
       Blink             |       |       |       |       |     8 |    24 |     3 ||    35
       Mephitic Cloud    |       |       |       |       |     8 |    10 |    12 ||    30
       Ozocubu's Armour  |       |       |       |       |    12 |    65 |    10 ||    87
       Iskenderun's Batt |       |       |       |       |       |    36 |       ||    36
       Searing Ray       |       |       |       |       |       |     8 |       ||     8
       Condensation Shie |       |       |       |       |       |     2 |       ||     2
 Abil: Spit Poison       |    40 |    65 |   120 |   285 |   194 |   207 |     4 ||   915
       Evoke Berserk Rag |       |       |       |       |     1 |     1 |       ||     2
       Evoke Flight      |       |       |       |       |       |    32 |       ||    32
       Stop Flying       |       |       |       |       |       |     1 |       ||     1
Evoke: Wand              |       |       |     2 |     3 |     6 |     5 |       ||    16
       Lamp of fire      |       |       |       |     1 |     1 |       |       ||     2
  Use: Scroll            |       |     2 |    10 |    16 |    12 |    16 |     1 ||    57
       Potion            |       |     2 |       |     6 |     6 |     4 |     2 ||    20
 Stab: Distracted        |     1 |       |     1 |       |     1 |       |       ||     3
       Sleeping          |     1 |       |       |       |       |       |       ||     1
       Confused          |       |     6 |    20 |    30 |    39 |    24 |     5 ||   124
       Invisible         |       |       |     7 |    11 |    11 |    23 |     1 ||    53
       Petrifying        |       |       |     1 |     1 |       |       |       ||     2
       Paralysed         |       |       |       |     5 |       |       |       ||     5
       Held in net/web   |       |       |       |       |       |     1 |       ||     1
  Eat: Chunk             |     5 |     6 |    23 |    54 |    50 |    62 |     4 ||   204
       Bread ration      |       |     3 |       |       |     3 |     2 |       ||     8
       Beef jerky        |       |       |     3 |     3 |       |     2 |       ||     8
       Pizza             |       |       |       |     4 |     6 |     2 |       ||    12
       Meat ration       |       |       |       |     1 |     3 |     2 |       ||     6
